 Dungeon Crawl Stone Soup version 0.28.0-49-g6dfe1f597d (webtiles) character file.

Game seed: 9231339072782462223

21 solaroid the Magician (level 2, -6/18 HPs)
             Began as an Octopode Hedge Wizard on May 12, 2022.
             Killed by divine providence
             ... invoked by an orc priest
              (14 damage)
             ... on level 2 of the Dungeon.
             The game lasted 00:08:08 (1654 turns).

solaroid the Magician (Octopode Hedge Wizard)       Turns: 1654, Time: 00:08:08

Health: -6/18      AC:  2    Str:  9    XL:     2   Next: 87%
Magic:  4/6        EV: 13    Int: 16    God:
Gold:   50         SH:  0    Dex: 11    Spells: 2/7 levels left

rFire   . . .      SeeInvis .   a - +0 dagger
rCold   . . .      Faith    .   (no shield)
rNeg    . . .      Spirit   .   b - +1 hat
rPois   .          Reflect  .   (no amulet)
rElec   .          Harm     .   (no ring)
rCorr   .          Rampage  .   (no ring)
Will    .....                   (no ring)
Stlth   +++.......              (no ring)
HPRegen 0.06/turn               (no ring)
MPRegen 0.10/turn               (no ring)
                                (no ring)
                                (no ring)

@: flying
A: almost no armour, amphibious, 8 rings, camouflage 1, gelatinous body 1,
(nimble swimmer 1), tentacles
a: no special abilities


You were on level 2 of the Dungeon.
You visited 1 branch of the dungeon, and saw 2 of its levels.

You collected 50 gold pieces.

Inventory:

Hand Weapons
 a - a +0 dagger (weapon)
Missiles
 c - 4 poisoned darts
Armour
 b - a +1 hat (worn)
Scrolls
 f - a scroll of identify {unknown}


   Skills:
 + Level 0.6 Fighting
 + Level 2.2 Dodging
 - Level 3.0 Stealth
 - Level 3.0 Spellcasting
 * Level 1.6 Conjurations
 + Level 1.2 Summonings
 + Level 1.3 Translocations


You had 2 spell levels left.
You knew the following spells:

 Your Spells              Type           Power      Damage    Failure   Level
a - Magic Dart            Conj           28%        1d4       10%         1
b - Call Imp              Summ           6%         N/A       17%         2
c - Blink                 Tloc           12%        N/A       17%         2

Your spell library contained the following spells:

 Spells                   Type           Power      Damage    Failure   Level
 Slow                     Hex            8%         N/A       19%         1
 Conjure Flame            Conj/Fire      5%         6-21      36%         3
 Mephitic Cloud           Conj/Pois/Air  4%         N/A       41%         3


Dungeon Overview and Level Annotations

Branches:
Dungeon (2/15)

Altars:


Innate Abilities, Weirdness & Mutations

You cannot wear most types of armour.
You are amphibious.
You can wear up to eight rings at the same time.
Your skin changes colour to match your surroundings (Stealth+).
Your rubbery body absorbs attacks. (AC +1, EV +1)
((You are camouflaged when in or above water. (Stealth+)))
You have tentacles for arms and can constrict up to eight enemies at once.


Message History

There is a stone staircase leading up here.
You see here a bat corpse.
Aiming: Magic Dart (safe; 10% risk of failure)
Press: ? - help, Q - select action, (/) - cycle Shift-Dir - straight line, f - adder
Aim: an adder (wandering, hasn't noticed you, 100% to hit)
The magic dart hits the adder.
The adder is lightly wounded.
The adder hisses angrily.
The orc priest shouts!
Aiming: Magic Dart (safe; 10% risk of failure)
Press: ? - help, Q - select action, (/) - cycle Shift-Dir - straight line, f/p - adder
Aim: an adder (lightly wounded, 100% to hit)
The magic dart hits the adder.
The adder is moderately wounded.
The adder misses you.
Aiming: Magic Dart (safe; 10% risk of failure)
Press: ? - help, Q - select action, (/) - cycle Shift-Dir - straight line, f/p - adder
Aim: an adder (moderately wounded, 100% to hit)
The magic dart hits the adder.
The adder is moderately wounded.
The adder closely misses you. The adder bites you.
You are poisoned.
The adder poisons you!
You feel sick.
You feel sick.
You feel sick.
You feel sick.
You are no longer poisoned.
The adder misses you.
You see here a bat skeleton.
The adder bites you.
It was a potion of flight.
You feel very buoyant.
You fly up into the air.
The adder closely misses you.
As you read the scroll labelled CUNEPO KUGAU, it crumbles to dust.
It is a scroll of enchant armour.
Your +0 hat glows green for a moment.
The adder bites you.
The orc priest mumbles some strange prayers to Beogh against you.
Beogh smites you!
Ouch! That really hurt!
You die...

#.......# #..##..o...##
#.......# #..###.....<#
#.......# #..##)#.####
#.......# ####.>.[.#.#
#.......#####
#...o......#
#...........#
#o##########
#...<....##.# #.#.#...#
#........##.###o#.#.#.#
##.#####.##..@S.....#.#
#.#####.######.#####.#
#.......# #.......#
######### #########


You could see an orc priest and an adder.

Vanquished Creatures
  3 orcs
  An endoplasm (D:1)
  2 goblins
  3 hobgoblins (D:1)
  2 quokkas
  4 bats
  A frilled lizard (D:1)
  A kobold (D:1)
  A rat (D:1)
18 creatures vanquished.

Notes
Turn   | Place    | Note
-------+----------+-------------------------------------------
     0 | D:1      | solaroid the Octopode Hedge Wizard began the quest for the
                  | Orb.
     0 | D:1      | Reached XP level 1. HP: 11/11 MP: 4/4
   577 | D:1      | Reached XP level 2. HP: 8/17 MP: 0/6
   681 | D:1      | Learned a level 2 spell: Call Imp
   684 | D:1      | Learned a level 2 spell: Blink
   913 | D:1      | Found a faded altar of an unknown god.
  1654 | D:2      | Killed from afar by an orc priest

Illustrated notes

Levels and vault maps discovered:
D:1:      psy_arrival_whirlpool, layout_loops_corners,
          hellmonk_ecumenical_altar_heavens_door, minmay_misc_feat_doors,
          minmay_unequal
D:2:      layout_basic

Skill      XL: |  1  2 |
---------------+-------+-----
Stealth        | 3 |  3.0
Fighting       | |  0.6
Dodging        | |  2.2
Spellcasting   | |  3.0
Conjurations   | |  1.6
Summonings     | |  1.2
Translocations | |  1.3

Action                   || total
-------------------------++-------
Melee: Dagger            ||    18
       Constrict         ||     5
       Tentacles         ||     2
       Punch             ||     1
 Cast: Magic Dart        ||    49
  Use: Scroll            ||     1
       Potion            ||     1
Armor: Skin              ||     1
Dodge: Dodged            ||    23
